 Dungeon Crawl Stone Soup version 0.30-a0-439-g9e77e4d916 (webtiles) character file.

Game seed: 5461049357854508182

123 p00ps00p the Trooper (level 5, -2/45 (47) HPs)
             Began as a Hill Orc Fighter on Dec 11, 2022.
             Slain by an orc warrior
             ... wielding a +0 scimitar
              (14 damage)
             ... on level 4 of the Dungeon.
             The game lasted 00:02:53 (2562 turns).

p00ps00p the Trooper (Hill Orc Fighter)             Turns: 2562, Time: 00:02:54

HP:   -2/45 (47)    AC: 11    Str: 21    XL:     5   Next: 7%
MP:   5/5           EV:  7    Int:  8    God:
Gold: 143           SH:  4    Dex: 10    Spells: 4/4 levels left

rFire   . . .      SeeInvis +    e - +2 hand axe (vamp)
rCold   . . .      Faith    .    c - +0 buckler
rNeg    . . .      Spirit   .    m - +0 chain mail
rPois   .          Reflect  .    l - +0 helmet
rElec   .          Harm     .    (no cloak)
rCorr   .          Rampage  .    (no gloves)
Will    .....                    i - +0 pair of boots
Stlth   ..........               (no amulet)
HPRegen 0.27/turn                k - ring of see invisible
MPRegen 0.09/turn                (no ring)

@: lightly drained
A: no striking features
a: no special abilities


You were on level 4 of the Dungeon.
You visited 1 branch of the dungeon, and saw 4 of its levels.

You collected 143 gold pieces.

Inventory:

Hand Weapons
 a - a +0 war axe
 e - a +2 vampiric hand axe (weapon)
 r - a +2 hand axe of freezing
Armour
 c - a +0 buckler (worn)
 i - a +0 pair of boots (worn)
 l - a +0 helmet (worn)
 m - a +0 chain mail (worn)
Jewellery
 k - a ring of see invisible (left hand)
Scrolls
 b - a scroll of teleportation
 j - 3 scrolls of magic mapping
 n - a scroll of immolation
 u - a scroll of identify
Potions
 d - a potion of might
 f - a potion of curing
 g - 2 potions of cancellation
 h - a potion of berserk rage {unknown}
 p - a potion of invisibility {unknown}
 q - a potion of magic {unknown}
 s - a potion of attraction {unknown}
 v - 2 potions of flight {unknown}


   Skills:
 + Level 4.5 Fighting
 + Level 4.1 Axes
 + Level 4.1 Armour
 + Level 4.1 Shields


You had 4 spell levels left.
You didn't know any spells.
Your spell library contained the following spells:

 Spells                   Type           Power      Damage    Failure   Level
 Blink                    Tloc           0%         N/A       100%        2
 Ensorcelled Hibernation  Hex/Ice        0%         N/A       100%        2
 Passwall                 Tmut/Erth      0%         N/A       100%        2
 Swiftness                Air            0%         N/A       100%        3
 Manifold Assault         Tloc           0%         N/A       100%        4
 Storm Form               Tmut/Air       0%         N/A       100%        7


Dungeon Overview and Level Annotations

Branches:
Dungeon (4/15)             Temple (0/1) D:4

Altars:


Message History

Unknown command.
You are too injured to fight recklessly!
Unknown command.
You are too injured to fight recklessly!
Unknown command.
You are too injured to fight recklessly!
Unknown command.
You are too injured to fight recklessly!
Unknown command.
You are too injured to fight recklessly!
An orc comes into view. It is wielding a +0 quarterstaff.
The orc warrior shoots a bolt.
The bolt barely misses you.
Found a stone staircase leading up.
The orc warrior shoots a bolt.
The bolt barely misses you. The ball python bites you.
The ball python grabs you. The ball python constricts you.
You escape the ball python's grasp.
The orc warrior shoots a bolt.
The bolt hits you.
The orc hits you with a +0 quarterstaff.
There is a staircase to the Ecumenical Temple here.
The orc closely misses you.
The ball python bites you but does no damage.
The ball python grabs you.
You stop descending the stairs.
The ball python constricts you.
Unknown command.
You completely miss the ball python. You closely miss the orc warrior.
You hit the orc.
You feel better. You block the orc's attack.
The orc warrior unwields a +0 arbalest.
The orc warrior wields a +0 scimitar.
The orc warrior hits you with a +0 scimitar.
The ball python completely misses you. The ball python constricts you.
You hit the ball python.
You kill the ball python!
You hit the orc. You closely miss the orc warrior. You block the orc's attack.
The orc warrior hits you with a +0 scimitar.
* * * LOW HITPOINT WARNING * * *
The orc hits you but does no damage.
You hit the orc.
You feel better.
The orc is almost dead.
You completely miss the orc warrior.
The orc warrior hits you with a +0 scimitar!
You die...

............##(.##..# .
................#..#
#.#.#..#.#..#..##...#..#
....#.......#..##...#..#
..<...#.#[..#..##...#..#
#.#.........#.$.........
#....#.8.#...#.##.....##
...#.......#)...##.####
#...8.@†8..)#...#.#
...#...oo..#.....#.#
.....#.8.#...#.###.#
.................#.#
......#.#.########).
.........)# . .....#...
........###


You could see an orc warrior and an orc.

Vanquished Creatures
  3 adders
  A worm (D:2)
  3 dart slugs
  3 orcs
  9 endoplasms
  4 giant cockroaches
  15 goblins
  5 hobgoblins
  4 jackals (D:1)
  A quokka (D:1)
  5 ball pythons
  5 bats
  4 frilled lizards
  8 kobolds
  4 rats
74 creatures vanquished.

Vanquished Creatures (others)
  An endoplasm (D:3)
1 creature vanquished.

Grand Total: 75 creatures vanquished

Notes
Turn   | Place    | Note
-------+----------+-------------------------------------------
     0 | D:1      | p00ps00p the Hill Orc Fighter began the quest for the Orb.
     0 | D:1      | Reached XP level 1. HP: 19/19 MP: 1/1
    92 | D:1      | Reached XP level 2. HP: 25/27 MP: 2/2
   424 | D:1      | Reached XP level 3. HP: 31/33 MP: 3/3
  1394 | D:2      | Reached XP level 4. HP: 40/40 MP: 4/4
  2543 | D:4      | Found a staircase to the Ecumenical Temple.
  2550 | D:4      | Noticed an orc warrior
  2552 | D:4      | Reached XP level 5. HP: 42/45 MP: 5/5
  2562 | D:4      | Slain by an orc warrior

Illustrated notes

Levels and vault maps discovered:
D:1:      lemuel_arrival_tunnels, layout_basic
D:2:      kennysheep_the_goblin_king, layout_basic, hangedman_decor_slide_cut,
          minivault_27
D:3:      layout_rooms
D:4:      layout_basic, good_gods_mini_temple,
          grunt_dithmenos_smoke_and_mirrors, minmay_temple_entry_sparse_star,
          patterned_corridor

Skill      XL: |  1  2  3  4 |
---------------+-------------+-----
Axes           | 3 4 |  4.1
Fighting       | 4 |  4.5
Shields        | 4 |  4.1
Armour         | 4 |  4.1

Action                   |  1- 3 |  4- 6 || total
-------------------------+-------+-------++-------
Melee: War axe           |    88 |    25 ||   113
       Hand axe          |       |    47 ||    47
  Use: Scroll            |       |     8 ||     8
Armor: Scale mail        |    33 |    31 ||    64
       Chain mail        |       |    23 ||    23
Dodge: Dodged            |    45 |    30 ||    75
Block: Buckler           |    23 |    19 ||    42

Table legend: (Time is in decaauts)
 A = Elapsed time spent in this place.
 B = Non-inter-level travel time spent in this place.
 C = Inter-level travel time spent in this place.
 D = Time resting spent in this place.
 E = Time spent auto-exploring this place.
 F = Levels seen in this place.
 G = Mean time per level.
                   A        B        C        D        E       F      G
               +--------+--------+--------+--------+--------+-----+--------+
         Total |   2609 |   2523 |     86 |      0 |   2058 |   4 |  652.2 |
       Dungeon |   2609 |   2523 |     86 |      0 |   2058 |   4 |  652.2 |
               +--------+--------+--------+--------+--------+-----+--------+

Top non-repeatable levels by time:
     D:2: 1164 daAuts
     D:1: 824 daAuts
     D:3: 477 daAuts
     D:4: 143 daAuts
